 Dungeon Crawl Stone Soup version 0.31-a0-165-g3f4f80340b (webtiles) character file.

Game seed: 6850401140083950601

23219 qw the Marksgargoyle (level 13, -5/84 HPs)
             Began as a Gargoyle Hunter on June 13, 2023.
             Was an Elder of Okawaru.
             Slain by a five-headed hydra (12 damage)
             ... on level 3 of the Lair of Beasts.
             The game lasted 00:08:13 (13271 turns).

qw the Marksgargoyle (Gargoyle Hunter)             Turns: 13271, Time: 00:08:14

Health: -5/84      AC: 24    Str: 14    XL:     13   Next: 5%
Magic:  18/18      EV: 18    Int: 12    God:    Okawaru [****..]
Gold:   578        SH:  5    Dex: 17    Spells: 12/12 levels left

rFire   + . .        Y - +0 orcbow
rCold   . . .        (shield currently unavailable)
rNeg    + + .        s - +0 troll leather armour
rPois   inf          b - +1 helmet
rElec   +            p - +2 cloak
rCorr   +            f - +2 pair of gloves
SInv    .            (no boots)
Will    +....        g - amulet of reflection
Stlth   +++          n - ring "Wuxe" {rPois rF+ rN+ rCorr}
HPRegen 1.14/turn    o - ring of willpower
MPRegen 0.16/turn

%: reflection
@: about to teleport, heroic
A: sickness immunity, AC +9, negative energy resistance 1, electricity
resistance, torment resistance 1, petrification resistance
a: Renounce Religion, Heroism, Finesse


You were on level 3 of the Lair of Beasts.
You worshipped Okawaru.
Okawaru was greatly pleased with you.
You visited 3 branches of the dungeon, and saw 15 of its levels.

You collected 878 gold pieces.
You spent 300 gold pieces at shops.


Innate Abilities, Weirdness & Mutations

You are immune to sickness and miasma.
Your stone body is resilient. (AC +9)
You are immune to poison.
You resist negative energy. (rN+)
You are resistant to electric shocks. (rElec)
You are resistant to unholy torment.
You are immune to petrification.


   Skills:
 + Level 11.5(16.5) Fighting
 - Level 16.0(21.0) Ranged Weapons
 - Level 5.0(10.0) Armour
 - Level 6.0(11.0) Dodging
 - Level 1.1(6.1) Stealth
 + Level 7.3 Invocations


You had 12 spell levels left.
You didn't know any spells.
Your spell library was empty.

Inventory:

Hand Weapons
 Y - a +0 orcbow (weapon)
Armour
 b - a +1 helmet (worn)
 c - +0 acid dragon scales
 f - a +2 pair of gloves (worn)
 p - a +2 cloak (worn)
 s - a +0 troll leather armour (worn)
Jewellery
 g - an amulet of reflection (around neck)
 n - the ring "Wuxe" (left hand) {rPois rF+ rN+ rCorr}
   (You found it on level 8 of the Dungeon)

   [ring of protection from fire]

   rF:        It protects you from fire.
   rPois:     It protects you from poison.
   rN:        It protects you from negative energy.
   rCorr:     It protects you from acid and corrosion.
 o - a ring of willpower (right hand)
 t - a ring of protection from fire
Wands
 d - a wand of digging (5)
Scrolls
 i - a scroll of identify
Potions
 a - a potion of might
 e - a potion of attraction
 h - 2 potions of resistance
 j - 8 potions of curing
 k - 4 potions of lignification
 m - 2 potions of haste

Dungeon Overview and Level Annotations

Branches:
Dungeon (11/15)            Temple (1/1) D:5            Lair (3/5) D:11
 Spider (0/4) Lair:2
  Swamp: Lair:2-3    Shoals: Lair:2-3       Orc: D:9-12

Altars:
Ashenzari
Cheibriados
Dithmenos
Elyvilon
Fedhas
Gozag
Hepliaklqana
Kikubaaqudgha
Makhleb
Nemelex Xobeh
Okawaru
Qazlal
Ru
Sif Muna
Trog
Uskayaw
Vehumet
Wu Jian
Xom
Yredelemnul
Zin
The Shining One

Shops:
D:8 =

Annotations:
D:4 2 transporters, qw's ghost, amateur GrFi
D:5 2 transporters, qw's ghost, amateur NaHu
Lair:2 1 runed translucent door, 2 transporters, qw's ghost, journeyman MiHu


Message History

You block the bullfrog's attack. The death yak closely misses you. x2
You shoot an arrow.
The arrow completely misses the five-headed hydra.
The arrow barely misses the electric eel.
The water moccasin barely misses you. The bullfrog closely misses you.
The five-headed hydra bites you but does no damage.
You block the five-headed hydra's attack.
The five-headed hydra completely misses you.
The five-headed hydra closely misses you.
You block the five-headed hydra's attack.
A six-headed hydra comes into view.
The death yak completely misses you.
You shoot an arrow. The six-headed hydra roars!
The arrow hits the five-headed hydra!!
The five-headed hydra is almost dead.
The water moccasin closely misses you. The bullfrog closely misses you.
The five-headed hydra misses you. The five-headed hydra bites you!
The five-headed hydra misses you.
The five-headed hydra closely misses you.
The five-headed hydra misses you.
You shoot an arrow. The arrow hits the five-headed hydra.
The five-headed hydra is almost dead.
The bullfrog misses you. The bullfrog completely misses you.
The water moccasin closely misses you. The death yak closely misses you.
The death yak gores you. The bullfrog barely misses you.
The five-headed hydra bites you!
The five-headed hydra bites you but does no damage.
You block the five-headed hydra's attack.
The five-headed hydra barely misses you. x2
13271 ||| READING scroll of teleportation.
As you read the scroll of teleportation, it crumbles to dust.
You feel strangely unstable. You block the water moccasin's attack.
The death yak gores you. The death yak misses you. The bullfrog misses you.
The water moccasin bites you but does no damage.
The five-headed hydra bites you!
The five-headed hydra bites you but does no damage.
The five-headed hydra bites you!
You die...

.P ......
..P#### #......
..(..#.##.......
................
................
¤...............
¤.............#
¤.......S.....#
S¤....D@YS....#
¤..#.FFYY..[..#
#...YY.....#
#.>.$Y.....[#
............##
...........D.#
...........$.#
#.#...........


You could see 6 death yaks, a six-headed hydra, a five-headed hydra, a black
mamba, a water moccasin, 2 bullfrogs and an electric eel.

Vanquished Creatures
  A hydra (D:10)
  A catoblepas (Lair:1)
  3 two-headed ogres
  Erica (D:11)
  A boulder beetle (D:11)
  A skyshark (Lair:2)
  3 skeletal warriors (D:11)
  A cyclops (D:11)
  A salamander (Lair:2)
  3 black mambas
  A gargoyle (D:11)
  4 cane toads
  Maggie (D:10)
  4 komodo dragons
  3 trolls
  A polar bear (Lair:2)
  Grinder (D:4)
  5 blink frogs (Lair:1)
  4 slime creatures (D:9)
  2 wraiths (D:10)
  5 yaks (D:10)
  2 shadows
  A culicivora (Lair:2)
  5 wyverns
  4 fire bats (Lair:2)
  4 basilisks
  3 steam dragons
  An acid dragon (D:11)
  11 water moccasins
  2 ice beasts
  A sky beast (D:8)
  4 orc warriors
  A black bear (Lair:3)
  An ogre (D:4)
  5 centaurs
  2 phantoms
  3 kobold brigands
  2 gnoll sergeants (D:10)
  9 bullfrogs
  A scorpion (D:5)
  14 wights
  10 killer bees
  4 electric eels
  2 howler monkeys (D:7)
  A jelly (D:5)
  2 gnoll boudas
  5 orc priests
  A sleepcap (D:6)
  4 hounds
  Ijyb (D:4)
  6 iguanas
  13 orc wizards
  15 gnolls
  A river rat (D:6)
  15 adders
  2 white imps (D:5)
  2 ufetubi (D:5)
  3 worms
  A dart slug (D:1)
  33 orcs
  9 bats
  7 endoplasms
  4 giant cockroaches
  7 hobgoblins
  6 jackals
  5 quokkas
  8 ball pythons
  7 frilled lizards
  7 goblins
  20 kobolds
  5 rats
  2 butterflies (D:3)
331 creatures vanquished.

Vanquished Creatures (others)
  A bullfrog (D:7)
1 creature vanquished.

Grand Total: 332 creatures vanquished

Notes
Turn   | Place    | Note
-------+----------+-------------------------------------------
     0 | D:1      | qw the Gargoyle Hunter began the quest for the Orb.
     0 | D:1      | Reached XP level 1. HP: 12/12 MP: 1/1
     0 | D:1      | 0 ||| qw: Version: 0.2-a-29-gc1b59c4
     0 | D:1      | 0 ||| qw: Game counter: 4758
     0 | D:1      | 0 ||| qw: Always use a shield: true
     0 | D:1      | 0 ||| qw: God list: Okawaru
     0 | D:1      | 0 ||| qw: Allow faded altars: false
     0 | D:1      | 0 ||| qw: Do Orc after D:15 true
     0 | D:1      | 0 ||| qw: Do second Lair branch before Depths: true
     0 | D:1      | 0 ||| qw: Lair rune preference: random
     0 | D:1      | 0 ||| qw: Plans: Normal, Zot:1-4, Slime:5, God:TSO, Crypt,
                  | Tomb, Abyss, Pan, Hells, Win
     0 | D:1      | 0 ||| PLANNING D:1-11
   112 | D:1      | Reached XP level 2. HP: 17/17 MP: 2/2
   552 | D:1      | Reached XP level 3. HP: 21/21 MP: 3/3
   681 | D:1      | 681 ||| UPGRADING to +0 ring mail.
   691 | D:1      | 691 ||| DROPPING +0 leather armour.
   692 | D:1      | 692 ||| UPGRADING to +0 pair of gloves.
   697 | D:1      | 697 ||| READING scroll labelled XAD HAD OGGIQ.
   698 | D:1      | 698 ||| READING scroll labelled ARAETO PUSOGY.
   699 | D:1      | 699 ||| READING 4 scrolls labelled JETSIF UZ PULO.
   700 | D:1      | 700 ||| DRINKING 2 fizzy ruby potions.
   701 | D:1      | 701 ||| READING 3 scrolls of identify.
   701 | D:1      | 701 ||| IDENTIFYING clear potion
   702 | D:1      | 702 ||| READING 2 scrolls of identify.
   702 | D:1      | 702 ||| IDENTIFYING fizzy green potion
   703 | D:1      | 703 ||| DROPPING scroll of butterflies.
   704 | D:1      | 704 ||| DROPPING potion of invisibility.
   728 | D:2      | 728 ||| STAIRDANCE
   732 | D:1      | Reached skill level 1 in Armour
   754 | D:2      | 754 ||| STAIRDANCE
   758 | D:2      | 758 ||| STAIRDANCE
   762 | D:2      | 762 ||| STAIRDANCE
   766 | D:2      | 766 ||| STAIRDANCE
   770 | D:2      | 770 ||| STAIRDANCE
   774 | D:2      | 774 ||| STAIRDANCE
   778 | D:2      | 778 ||| STAIRDANCE
   782 | D:2      | 782 ||| STAIRDANCE
   786 | D:2      | 786 ||| STAIRDANCE
   790 | D:2      | 790 ||| STAIRDANCE
   794 | D:2      | 794 ||| STAIRDANCE
   798 | D:2      | 798 ||| STAIRDANCE
   802 | D:2      | 802 ||| STAIRDANCE
   806 | D:2      | 806 ||| STAIRDANCE
   810 | D:2      | 810 ||| STAIRDANCE
   814 | D:2      | 814 ||| STAIRDANCE
   818 | D:2      | 818 ||| STAIRDANCE
   822 | D:2      | 822 ||| STAIRDANCE
   826 | D:2      | 826 ||| STAIRDANCE
   837 | D:2      | 837 ||| FLEEEEING.
   851 | D:2      | 851 ||| FLEEEEING.
   865 | D:2      | 865 ||| FLEEEEING.
   870 | D:2      | 870 ||| FLEEEEING.
   871 | D:2      | 871 ||| FLEEEEING.
   929 | D:2      | Reached skill level 5 in Ranged Weapons
  1071 | D:2      | Reached skill level 3 in Fighting
  1071 | D:2      | Reached XP level 4. HP: 28/28 MP: 4/4
  1143 | D:2      | HP: 3/28 [gnoll/+0 flail (7)]
  1305 | D:2      | Reached XP level 5. HP: 32/32 MP: 5/5
  1333 | D:2      | Found a faded altar of an unknown god.
  1426 | D:2      | 1426 ||| UPGRADING to +1 helmet.
  1431 | D:2      | 1431 ||| READING scroll labelled OHAUTIO TIOMP.
  1432 | D:2      | 1432 ||| READING 4 scrolls of identify.
  1432 | D:2      | 1432 ||| IDENTIFYING purple potion
  1433 | D:2      | 1433 ||| READING 3 scrolls of identify.
  1433 | D:2      | 1433 ||| IDENTIFYING orange potion
  1434 | D:2      | 1434 ||| READING 2 scrolls of identify.
  1434 | D:2      | 1434 ||| IDENTIFYING bubbling ruby potion
  1435 | D:2      | 1435 ||| DROPPING potion of brilliance.
  1506 | D:3      | 1506 ||| FLEEEEING.
  1508 | D:3      | 1508 ||| FLEEEEING.
  1509 | D:3      | 1509 ||| FLEEEEING.
  1510 | D:3      | 1510 ||| FLEEEEING.
  1511 | D:3      | 1511 ||| FLEEEEING.
  1512 | D:3      | 1512 ||| FLEEEEING.
  1514 | D:3      | 1514 ||| FLEEEEING.
  1515 | D:3      | 1515 ||| FLEEEEING.
  1516 | D:3      | 1516 ||| FLEEEEING.
  1517 | D:3      | 1517 ||| FLEEEEING.
  1518 | D:3      | 1518 ||| FLEEEEING.
  1520 | D:3      | 1520 ||| FLEEEEING.
  1598 | D:3      | Found a shimmering blue altar of Sif Muna.
  1606 | D:3      | 1606 ||| DRINKING 3 potions of curing.
  1606 | D:3      | 1606 ||| (to cure confusion)
  1609 | D:3      | 1609 ||| FLEEEEING.
  1610 | D:3      | 1610 ||| FLEEEEING.
  1611 | D:3      | 1611 ||| FLEEEEING.
  1725 | D:3      | Found an ornate altar of the Wu Jian Council.
  1742 | D:3      | Reached skill level 6 in Ranged Weapons
  2015 | D:3      | 2015 ||| Stepping ~*~*~tactically~*~*~ (outnumbered).
  2107 | D:3      | Reached XP level 6. HP: 38/38 MP: 6/6
  2216 | D:3      | Found a shimmering altar of Xom.
  2603 | D:3      | 2603 ||| DROPPING +1 helmet.
  2604 | D:3      | 2604 ||| READING scroll labelled GIGGEU ZUMPAICK.
  2675 | D:4      | Found an opulent altar of Gozag.
  2726 | D:4      | Found a radiant altar of Vehumet.
  2783 | D:4      | Noticed Grinder
  2793 | D:4      | Killed Grinder
  2794 | D:4      | Reached skill level 7 in Ranged Weapons
  2794 | D:4      | Reached XP level 7. HP: 43/43 MP: 7/7
  2886 | D:4      | Noticed Ijyb
  2893 | D:4      | Killed Ijyb
  2968 | D:4      | Noticed qw's ghost (amateur GrFi)
  2969 | D:4      | Found a transporter.
  2973 | D:4      | Found a transporter.
  3081 | D:4      | Reached skill level 8 in Ranged Weapons
  3348 | D:4      | Found a glowing silver altar of Zin.
  3349 | D:4      | Noticed an angel
  3382 | D:4      | 3382 ||| READING scroll labelled PAMYSU NAEXARGH.
  3383 | D:4      | 3383 ||| READING 2 scrolls of identify.
  3383 | D:4      | 3383 ||| IDENTIFYING bubbling coppery potion
  3384 | D:4      | 3384 ||| DROPPING potion of degeneration.
  3412 | D:5      | Entered Level 5 of the Dungeon
  3507 | D:5      | Identified the +0 ring mail "Xotheyfut" {Contam Rampage
                  | rPois Stlth+}
  3507 | D:5      | Identified the +0 buckler "Finyikhac" {Int+3}
  3550 | D:5      | Found a staircase to the Ecumenical Temple.
  3551 | D:5      | 3551 ||| PLANNING TEMPLE
  3560 | Temple   | Entered the Ecumenical Temple
  3657 | Temple   | 3657 ||| PLANNING D:1-11
  3711 | D:5      | Reached XP level 8. HP: 44/48 MP: 8/8
  3813 | D:5      | Found a transporter.
  3813 | D:5      | Found a transporter.
  3829 | D:5      | Noticed qw's ghost (amateur NaHu)
  3986 | D:5      | Found an iron altar of Okawaru.
  3987 | D:5      | 3987 ||| PLANNING OKAWARU WORSHIP
  3994 | D:5      | Became a worshipper of Warmaster Okawaru
  3994 | D:5      | 3994 ||| PLANNING D:1-11
  4344 | D:5      | Reached skill level 9 in Ranged Weapons
  4479 | D:6      | 4479 ||| PLANNING SEWER
  4480 | D:6      | 4480 ||| STAIRDANCE
  4602 | D:6      | 4602 ||| STAIRDANCE
  4715 | D:6      | Reached skill level 6 in Fighting
  4721 | D:6      | Reached * piety under Okawaru
  4869 | D:6      | 4869 ||| SWAPPING to +0 orcbow.
  4870 | D:6      | 4870 ||| DROPPING +1 shortbow.
  4923 | D:6      | Reached skill level 1 in Invocations
  4956 | D:6      | 4956 ||| INVOKING Heroism.
  5040 | D:6      | 5040 ||| FLEEEEING.
  5044 | D:6      | 5044 ||| FLEEEEING.
  5045 | D:6      | 5045 ||| FLEEEEING.
  5046 | D:6      | 5046 ||| FLEEEEING.
  5047 | D:6      | 5047 ||| FLEEEEING.
  5048 | D:6      | 5048 ||| FLEEEEING.
  5049 | D:6      | 5049 ||| FLEEEEING.
  5050 | D:6      | 5050 ||| FLEEEEING.
  5051 | D:6      | 5051 ||| FLEEEEING.
  5057 | D:6      | 5057 ||| INVOKING Heroism.
  5060 | D:6      | Reached XP level 9. HP: 37/55 MP: 6/9
  5145 | D:6      | Reached skill level 10 in Ranged Weapons
  5148 | D:6      | Reached skill level 3 in Armour
  5182 | D:6      | Found a glowing drain.
  5200 | D:6      | 5200 ||| READING scroll labelled MEECUIRA YGGOJ.
  5201 | D:6      | 5201 ||| READING 2 scrolls labelled HUD XIMPUHI.
  5202 | D:6      | 5202 ||| READING 3 scrolls of identify.
  5202 | D:6      | 5202 ||| IDENTIFYING fuming puce potion
  5203 | D:6      | 5203 ||| DROPPING scroll of noise.
  5204 | D:6      | 5204 ||| Stepping randomly (stuck).
  5205 | D:6      | 5205 ||| Stepping randomly (stuck).
  5206 | D:6      | 5206 ||| Stepping randomly (stuck).
  5207 | D:6      | 5207 ||| Stepping randomly (stuck).
  5208 | D:6      | 5208 ||| Stepping randomly (stuck).
  5209 | D:6      | 5209 ||| Stepping randomly (stuck).
  5210 | D:6      | 5210 ||| Stepping randomly (stuck).
  5211 | D:6      | 5211 ||| Stepping randomly (stuck).
  5212 | D:6      | 5212 ||| Stepping randomly (stuck).
  5213 | D:6      | 5213 ||| Stepping randomly (stuck).
  5214 | D:6      | 5214 ||| Stepping randomly (stuck).
  5215 | D:6      | 5215 ||| Stepping randomly (stuck).
  5216 | D:6      | 5216 ||| Stepping randomly (stuck).
  5217 | D:6      | 5217 ||| Stepping randomly (stuck).
  5218 | D:6      | 5218 ||| Stepping randomly (stuck).
  5219 | D:6      | 5219 ||| Stepping randomly (stuck).
  5220 | D:6      | 5220 ||| Stepping randomly (stuck).
  5221 | D:6      | 5221 ||| Stepping randomly (stuck).
  5222 | D:6      | 5222 ||| Stepping randomly (stuck).
  5223 | D:6      | 5223 ||| Stepping randomly (stuck).
  5224 | D:6      | 5224 ||| Stepping randomly (stuck).
  5225 | D:6      | 5225 ||| Stepping randomly (stuck).
  5226 | D:6      | 5226 ||| Stepping randomly (stuck).
  5227 | D:6      | 5227 ||| Stepping randomly (stuck).
  5228 | D:6      | 5228 ||| Stepping randomly (stuck).
  5229 | D:6      | 5229 ||| Stepping randomly (stuck).
  5230 | D:6      | 5230 ||| Stepping randomly (stuck).
  5231 | D:6      | 5231 ||| Stepping randomly (stuck).
  5232 | D:6      | 5232 ||| Stepping randomly (stuck).
  5233 | D:6      | 5233 ||| Stepping randomly (stuck).
  5234 | D:6      | 5234 ||| Stepping randomly (stuck).
  5235 | D:6      | 5235 ||| Stepping randomly (stuck).
  5236 | D:6      | 5236 ||| Stepping randomly (stuck).
  5237 | D:6      | 5237 ||| Stepping randomly (stuck).
  5238 | D:6      | 5238 ||| Stepping randomly (stuck).
  5239 | D:6      | 5239 ||| Stepping randomly (stuck).
  5240 | D:6      | 5240 ||| Stepping randomly (stuck).
  5241 | D:6      | 5241 ||| Stepping randomly (stuck).
  5242 | D:6      | 5242 ||| Stepping randomly (stuck).
  5243 | D:6      | 5243 ||| Stepping randomly (stuck).
  5244 | D:6      | 5244 ||| Stepping randomly (stuck).
  5245 | D:6      | 5245 ||| Stepping randomly (stuck).
  5246 | D:6      | 5246 ||| Stepping randomly (stuck).
  5247 | D:6      | 5247 ||| Stepping randomly (stuck).
  5248 | D:6      | 5248 ||| Stepping randomly (stuck).
  5249 | D:6      | 5249 ||| Stepping randomly (stuck).
  5250 | D:6      | 5250 ||| Stepping randomly (stuck).
  5251 | D:6      | 5251 ||| Stepping randomly (stuck).
  5252 | D:6      | 5252 ||| Stepping randomly (stuck).
  5253 | D:6      | 5253 ||| Stepping randomly (stuck).
  5254 | D:6      | 5254 ||| Stepping randomly (stuck).
  5255 | D:6      | 5255 ||| Stepping randomly (stuck).
  5256 | D:6      | 5256 ||| Stepping randomly (stuck).
  5257 | D:6      | 5257 ||| Stepping randomly (stuck).
  5258 | D:6      | 5258 ||| Stepping randomly (stuck).
  5259 | D:6      | 5259 ||| Stepping randomly (stuck).
  5260 | D:6      | 5260 ||| Stepping randomly (stuck).
  5261 | D:6      | 5261 ||| Stepping randomly (stuck).
  5262 | D:6      | 5262 ||| Stepping randomly (stuck).
  5263 | D:6      | 5263 ||| Stepping randomly (stuck).
  5264 | D:6      | 5264 ||| Stepping randomly (stuck).
  5265 | D:6      | 5265 ||| Stepping randomly (stuck).
  5266 | D:6      | 5266 ||| Stepping randomly (stuck).
  5267 | D:6      | 5267 ||| Stepping randomly (stuck).
  5268 | D:6      | 5268 ||| Stepping randomly (stuck).
  5269 | D:6      | 5269 ||| Stepping randomly (stuck).
  5270 | D:6      | 5270 ||| Stepping randomly (stuck).
  5271 | D:6      | 5271 ||| Stepping randomly (stuck).
  5272 | D:6      | 5272 ||| Stepping randomly (stuck).
  5273 | D:6      | 5273 ||| Stepping randomly (stuck).
  5274 | D:6      | 5274 ||| Stepping randomly (stuck).
  5275 | D:6      | 5275 ||| Stepping randomly (stuck).
  5276 | D:6      | 5276 ||| Stepping randomly (stuck).
  5277 | D:6      | 5277 ||| Stepping randomly (stuck).
  5278 | D:6      | 5278 ||| Stepping randomly (stuck).
  5279 | D:6      | 5279 ||| Stepping randomly (stuck).
  5280 | D:6      | 5280 ||| Stepping randomly (stuck).
  5281 | D:6      | 5281 ||| Stepping randomly (stuck).
  5282 | D:6      | 5282 ||| Stepping randomly (stuck).
  5283 | D:6      | 5283 ||| Stepping randomly (stuck).
  5284 | D:6      | 5284 ||| Stepping randomly (stuck).
  5285 | D:6      | 5285 ||| Stepping randomly (stuck).
  5286 | D:6      | 5286 ||| Stepping randomly (stuck).
  5287 | D:6      | 5287 ||| Stepping randomly (stuck).
  5288 | D:6      | 5288 ||| Stepping randomly (stuck).
  5289 | D:6      | 5289 ||| Stepping randomly (stuck).
  5290 | D:6      | 5290 ||| Stepping randomly (stuck).
  5291 | D:6      | 5291 ||| Stepping randomly (stuck).
  5292 | D:6      | 5292 ||| Stepping randomly (stuck).
  5293 | D:6      | 5293 ||| Stepping randomly (stuck).
  5294 | D:6      | 5294 ||| Stepping randomly (stuck).
  5295 | D:6      | 5295 ||| Stepping randomly (stuck).
  5296 | D:6      | 5296 ||| Stepping randomly (stuck).
  5297 | D:6      | 5297 ||| Stepping randomly (stuck).
  5298 | D:6      | 5298 ||| Stepping randomly (stuck).
  5299 | D:6      | 5299 ||| Stepping randomly (stuck).
  5300 | D:6      | 5300 ||| Stepping randomly (stuck).
  5301 | D:6      | 5301 ||| Stepping randomly (stuck).
  5302 | D:6      | 5302 ||| Stepping randomly (stuck).
  5303 | D:6      | 5303 ||| Stepping randomly (stuck).
  5304 | D:6      | 5304 ||| Stepping randomly (stuck).
  5305 | D:6      | 5305 ||| Stepping randomly (stuck).
  5306 | D:6      | 5306 ||| Stepping randomly (stuck).
  5307 | D:6      | 5307 ||| Stepping randomly (stuck).
  5308 | D:6      | 5308 ||| Stepping randomly (stuck).
  5309 | D:6      | 5309 ||| Stepping randomly (stuck).
  5310 | D:6      | 5310 ||| Stepping randomly (stuck).
  5311 | D:6      | 5311 ||| Stepping randomly (stuck).
  5312 | D:6      | 5312 ||| Stepping randomly (stuck).
  5313 | D:6      | 5313 ||| Stepping randomly (stuck).
  5314 | D:6      | 5314 ||| Stepping randomly (stuck).
  5315 | D:6      | 5315 ||| Stepping randomly (stuck).
  5316 | D:6      | 5316 ||| Stepping randomly (stuck).
  5317 | D:6      | 5317 ||| Stepping randomly (stuck).
  5318 | D:6      | 5318 ||| Stepping randomly (stuck).
  5319 | D:6      | 5319 ||| Stepping randomly (stuck).
  5320 | D:6      | 5320 ||| Stepping randomly (stuck).
  5321 | D:6      | 5321 ||| Stepping randomly (stuck).
  5322 | D:6      | 5322 ||| Stepping randomly (stuck).
  5323 | D:6      | 5323 ||| Stepping randomly (stuck).
  5324 | D:6      | 5324 ||| Stepping randomly (stuck).
  5325 | D:6      | 5325 ||| Stepping randomly (stuck).
  5326 | D:6      | 5326 ||| Stepping randomly (stuck).
  5327 | D:6      | 5327 ||| Stepping randomly (stuck).
  5328 | D:6      | 5328 ||| Stepping randomly (stuck).
  5329 | D:6      | 5329 ||| Stepping randomly (stuck).
  5330 | D:6      | 5330 ||| Stepping randomly (stuck).
  5331 | D:6      | 5331 ||| Stepping randomly (stuck).
  5332 | D:6      | 5332 ||| Stepping randomly (stuck).
  5333 | D:6      | 5333 ||| Stepping randomly (stuck).
  5334 | D:6      | 5334 ||| Stepping randomly (stuck).
  5335 | D:6      | 5335 ||| Stepping randomly (stuck).
  5336 | D:6      | 5336 ||| Stepping randomly (stuck).
  5337 | D:6      | 5337 ||| Stepping randomly (stuck).
  5338 | D:6      | 5338 ||| Stepping randomly (stuck).
  5339 | D:6      | 5339 ||| Stepping randomly (stuck).
  5340 | D:6      | 5340 ||| Stepping randomly (stuck).
  5341 | D:6      | 5341 ||| Stepping randomly (stuck).
  5342 | D:6      | 5342 ||| Stepping randomly (stuck).
  5343 | D:6      | 5343 ||| Stepping randomly (stuck).
  5344 | D:6      | 5344 ||| Stepping randomly (stuck).
  5345 | D:6      | 5345 ||| Stepping randomly (stuck).
  5346 | D:6      | 5346 ||| Stepping randomly (stuck).
  5347 | D:6      | 5347 ||| Stepping randomly (stuck).
  5348 | D:6      | 5348 ||| Stepping randomly (stuck).
  5349 | D:6      | 5349 ||| Stepping randomly (stuck).
  5350 | D:6      | 5350 ||| Stepping randomly (stuck).
  5351 | D:6      | 5351 ||| Stepping randomly (stuck).
  5352 | D:6      | 5352 ||| Stepping randomly (stuck).
  5353 | D:6      | 5353 ||| Stepping randomly (stuck).
  5354 | D:6      | 5354 ||| Stepping randomly (stuck).
  5355 | D:6      | 5355 ||| Stepping randomly (stuck).
  5356 | D:6      | 5356 ||| Stepping randomly (stuck).
  5357 | D:6      | 5357 ||| Stepping randomly (stuck).
  5358 | D:6      | 5358 ||| Stepping randomly (stuck).
  5359 | D:6      | 5359 ||| Stepping randomly (stuck).
  5360 | D:6      | 5360 ||| Stepping randomly (stuck).
  5361 | D:6      | 5361 ||| Stepping randomly (stuck).
  5362 | D:6      | 5362 ||| Stepping randomly (stuck).
  5363 | D:6      | 5363 ||| Stepping randomly (stuck).
  5364 | D:6      | 5364 ||| Stepping randomly (stuck).
  5365 | D:6      | 5365 ||| Stepping randomly (stuck).
  5366 | D:6      | 5366 ||| Stepping randomly (stuck).
  5367 | D:6      | 5367 ||| Stepping randomly (stuck).
  5368 | D:6      | 5368 ||| Stepping randomly (stuck).
  5369 | D:6      | 5369 ||| Stepping randomly (stuck).
  5370 | D:6      | 5370 ||| Stepping randomly (stuck).
  5371 | D:6      | 5371 ||| Stepping randomly (stuck).
  5372 | D:6      | 5372 ||| Stepping randomly (stuck).
  5373 | D:6      | 5373 ||| Stepping randomly (stuck).
  5374 | D:6      | 5374 ||| Stepping randomly (stuck).
  5375 | D:6      | 5375 ||| Stepping randomly (stuck).
  5376 | D:6      | 5376 ||| Stepping randomly (stuck).
  5377 | D:6      | 5377 ||| Stepping randomly (stuck).
  5378 | D:6      | 5378 ||| Stepping randomly (stuck).
  5379 | D:6      | 5379 ||| Stepping randomly (stuck).
  5380 | D:6      | 5380 ||| Stepping randomly (stuck).
  5381 | D:6      | 5381 ||| Stepping randomly (stuck).
  5382 | D:6      | 5382 ||| Stepping randomly (stuck).
  5383 | D:6      | 5383 ||| Stepping randomly (stuck).
  5384 | D:6      | 5384 ||| Stepping randomly (stuck).
  5385 | D:6      | 5385 ||| Stepping randomly (stuck).
  5386 | D:6      | 5386 ||| Stepping randomly (stuck).
  5387 | D:6      | 5387 ||| Stepping randomly (stuck).
  5388 | D:6      | 5388 ||| Stepping randomly (stuck).
  5389 | D:6      | 5389 ||| Stepping randomly (stuck).
  5390 | D:6      | 5390 ||| Stepping randomly (stuck).
  5391 | D:6      | 5391 ||| Stepping randomly (stuck).
  5392 | D:6      | 5392 ||| Stepping randomly (stuck).
  5393 | D:6      | 5393 ||| Stepping randomly (stuck).
  5394 | D:6      | 5394 ||| Stepping randomly (stuck).
  5395 | D:6      | 5395 ||| Stepping randomly (stuck).
  5396 | D:6      | 5396 ||| Stepping randomly (stuck).
  5397 | D:6      | 5397 ||| Stepping randomly (stuck).
  5398 | D:6      | 5398 ||| Stepping randomly (stuck).
  5399 | D:6      | 5399 ||| Stepping randomly (stuck).
  5400 | D:6      | 5400 ||| Stepping randomly (stuck).
  5401 | D:6      | 5401 ||| Stepping randomly (stuck).
  5402 | D:6      | 5402 ||| Stepping randomly (stuck).
  5403 | D:6      | 5403 ||| Stepping randomly (stuck).
  5404 | D:6      | 5404 ||| Stepping randomly (stuck).
  5405 | D:6      | 5405 ||| Stepping randomly (stuck).
  5406 | D:6      | 5406 ||| Stepping randomly (stuck).
  5407 | D:6      | 5407 ||| Stepping randomly (stuck).
  5408 | D:6      | 5408 ||| Stepping randomly (stuck).
  5409 | D:6      | 5409 ||| Stepping randomly (stuck).
  5410 | D:6      | 5410 ||| Stepping randomly (stuck).
  5411 | D:6      | 5411 ||| Stepping randomly (stuck).
  5412 | D:6      | 5412 ||| Stepping randomly (stuck).
  5413 | D:6      | 5413 ||| Stepping randomly (stuck).
  5414 | D:6      | 5414 ||| Stepping randomly (stuck).
  5415 | D:6      | 5415 ||| Stepping randomly (stuck).
  5416 | D:6      | 5416 ||| Stepping randomly (stuck).
  5417 | D:6      | 5417 ||| Stepping randomly (stuck).
  5418 | D:6      | 5418 ||| Stepping randomly (stuck).
  5419 | D:6      | 5419 ||| Stepping randomly (stuck).
  5420 | D:6      | 5420 ||| Stepping randomly (stuck).
  5421 | D:6      | 5421 ||| Stepping randomly (stuck).
  5422 | D:6      | 5422 ||| Stepping randomly (stuck).
  5423 | D:6      | 5423 ||| Stepping randomly (stuck).
  5424 | D:6      | 5424 ||| Stepping randomly (stuck).
  5425 | D:6      | 5425 ||| Stepping randomly (stuck).
  5426 | D:6      | 5426 ||| Stepping randomly (stuck).
  5427 | D:6      | 5427 ||| Stepping randomly (stuck).
  5428 | D:6      | 5428 ||| Stepping randomly (stuck).
  5429 | D:6      | 5429 ||| Stepping randomly (stuck).
  5430 | D:6      | 5430 ||| Stepping randomly (stuck).
  5431 | D:6      | 5431 ||| Stepping randomly (stuck).
  5432 | D:6      | 5432 ||| Stepping randomly (stuck).
  5433 | D:6      | 5433 ||| Stepping randomly (stuck).
  5434 | D:6      | 5434 ||| Stepping randomly (stuck).
  5435 | D:6      | 5435 ||| Stepping randomly (stuck).
  5436 | D:6      | 5436 ||| RIP SEWER
  5436 | D:6      | 5436 ||| PLANNING D:1-11
  5646 | D:6      | 5646 ||| READING scroll labelled DUOGETZU AMEB.
  5647 | D:6      | 5647 ||| READING 2 scrolls of identify.
  5647 | D:6      | 5647 ||| IDENTIFYING metallic grey potion
  5788 | D:7      | 5788 ||| INVOKING Heroism.
  5964 | D:7      | 5964 ||| Stepping ~*~*~tactically~*~*~ (cloud).
  6090 | D:7      | 6090 ||| INVOKING Heroism.
  6092 | D:7      | 6092 ||| Stepping ~*~*~tactically~*~*~ (outnumbered).
  6096 | D:7      | 6096 ||| Stepping ~*~*~tactically~*~*~ (outnumbered).
  6245 | D:7      | Reached skill level 3 in Invocations
  6370 | D:7      | 6370 ||| UPGRADING to amulet of reflection.
  6375 | D:7      | 6375 ||| READING scroll labelled RIEPSE JI UHECK.
  6403 | D:8      | 6403 ||| INVOKING Heroism.
  6464 | D:8      | Noticed a two-headed ogre
  6465 | D:8      | 6465 ||| INVOKING Heroism.
  6479 | D:8      | Killed a two-headed ogre
  6480 | D:8      | Reached skill level 11 in Ranged Weapons
  6522 | D:8      | Found a sparkling altar of Nemelex Xobeh.
  6651 | D:8      | Reached ** piety under Okawaru
  6652 | D:8      | Reached XP level 10. HP: 63/63 MP: 12/12
  6681 | D:8      | Found Guabyduol's Jewellery Shop.
  6758 | D:8      | Identified the ring "Wuxe" {rPois rF+ rN+ rCorr}
  6784 | D:8      | Reached skill level 3 in Dodging
  6835 | D:8      | 6835 ||| Stepping ~*~*~tactically~*~*~ (outnumbered).
  6836 | D:8      | 6836 ||| Stepping ~*~*~tactically~*~*~ (outnumbered).
  6983 | D:8      | 6983 ||| INVOKING Heroism.
  7069 | D:8      | 7069 ||| SHOPLISTING ring "Esid" {Fly rF+ Int+6 Dex+3} (700
                  | gold, have 431).
  7069 | D:8      | 7069 ||| BUYING ring of willpower (300 gold).
  7069 | D:8      | Bought a ring of willpower for 300 gold pieces
  7384 | D:8      | 7384 ||| UPGRADING to +2 cloak.
  7389 | D:8      | 7389 ||| UPGRADING to ring "Wuxe" {rPois rF+ rN+ rCorr}.
  7390 | D:8      | 7390 ||| UPGRADING to ring of willpower.
  7391 | D:8      | 7391 ||| READING scroll labelled IDDOSTROKKE.
  7506 | D:9      | 7506 ||| INVOKING Heroism.
  7507 | D:9      | 7507 ||| Stepping ~*~*~tactically~*~*~ (outnumbered).
  7518 | D:9      | 7518 ||| INVOKING Heroism.
  7569 | D:9      | 7569 ||| INVOKING Heroism.
  7741 | D:9      | Found a bloodstained altar of Trog.
  7852 | D:9      | 7852 ||| READING scroll of enchant armour.
  7852 | D:9      | 7852 ||| ENCHANTING +0 pair of gloves.
  7868 | D:9      | Reached skill level 12 in Ranged Weapons
  8066 | D:9      | 8066 ||| INVOKING Heroism.
  8323 | D:9      | 8323 ||| INVOKING Heroism.
  8497 | D:9      | 8497 ||| READING scroll labelled MEDGHUEMIRON.
  8522 | D:10     | Entered Level 10 of the Dungeon
  8522 | D:10     | Noticed Maggie
  8531 | D:10     | Killed Maggie
  8578 | D:10     | 8578 ||| INVOKING Heroism.
  8600 | D:10     | 8600 ||| INVOKING Heroism.
  8603 | D:10     | Reached skill level 13 in Ranged Weapons
  8688 | D:10     | 8688 ||| INVOKING Heroism.
  8755 | D:10     | Noticed an eight-headed hydra
  8756 | D:10     | 8756 ||| INVOKING Heroism.
  8773 | D:10     | Killed an eight-headed hydra
  8773 | D:10     | Reached *** piety under Okawaru
  8774 | D:10     | Reached skill level 9 in Fighting
  8774 | D:10     | Reached XP level 11. HP: 27/72 MP: 14/14
  8781 | D:10     | HP: 18/72 [electric eel/bolt of electricity (2)]
  8782 | D:10     | 8782 ||| DRINKING 3 potions of heal wounds.
  8786 | D:10     | 8786 ||| INVOKING Heroism.
  8807 | D:10     | 8807 ||| INVOKING Heroism.
  9030 | D:10     | 9030 ||| INVOKING Heroism.
  9081 | D:10     | Found a blossoming altar of Fedhas.
  9103 | D:10     | 9103 ||| Stepping ~*~*~tactically~*~*~ (outnumbered).
  9107 | D:10     | 9107 ||| Stepping ~*~*~tactically~*~*~ (outnumbered).
  9117 | D:10     | Noticed a two-headed ogre
  9117 | D:10     | 9117 ||| INVOKING Heroism.
  9124 | D:10     | Killed a two-headed ogre
  9153 | D:10     | 9153 ||| INVOKING Heroism.
  9254 | D:10     | 9254 ||| INVOKING Heroism.
  9264 | D:10     | HP: 12/72 [wyvern (10)]
  9265 | D:10     | 9265 ||| READING 2 scrolls of teleportation.
  9265 | D:10     | HP: 2/72 [yak (10)]
  9266 | D:10     | 9266 ||| DRINKING 2 potions of heal wounds.
  9583 | D:10     | 9583 ||| Stepping ~*~*~tactically~*~*~ (outnumbered).
  9585 | D:10     | 9585 ||| Stepping ~*~*~tactically~*~*~ (outnumbered).
  9625 | D:10     | 9625 ||| INVOKING Heroism.
  9692 | D:10     | 9692 ||| READING scroll of enchant armour.
  9692 | D:10     | 9692 ||| ENCHANTING +1 pair of gloves.
  9885 | D:10     | Reached skill level 14 in Ranged Weapons
  9928 | D:10     | 9928 ||| UPGRADING to +0 steam dragon scales.
  9938 | D:10     | 9938 ||| DROPPING +0 ring mail.
  9939 | D:10     | 9939 ||| UPGRADING to +0 troll leather armour.
  9949 | D:10     | 9949 ||| DROPPING +0 steam dragon scales.
  9950 | D:10     | 9950 ||| READING 3 scrolls of identify.
  9950 | D:10     | 9950 ||| IDENTIFYING brown potion
  9951 | D:10     | 9951 ||| DROPPING potion of berserk rage.
  9977 | D:11     | 9977 ||| STAIRDANCE
 10217 | D:11     | Noticed a two-headed ogre
 10217 | D:11     | Noticed a cyclops
 10218 | D:11     | 10218 ||| INVOKING Heroism.
 10220 | D:11     | 10220 ||| Stepping ~*~*~tactically~*~*~ (outnumbered).
 10231 | D:11     | Killed a two-headed ogre
 10240 | D:11     | Killed a cyclops
 10240 | D:11     | Reached **** piety under Okawaru
 10249 | D:11     | 10249 ||| INVOKING Heroism.
 10421 | D:11     | 10421 ||| INVOKING Heroism.
 10494 | D:11     | 10494 ||| INVOKING Heroism.
 10677 | D:11     | Noticed Erica
 10678 | D:11     | 10678 ||| INVOKING Heroism.
 10684 | D:11     | Killed Erica
 10762 | D:11     | Noticed a boulder beetle
 10763 | D:11     | 10763 ||| INVOKING Heroism.
 10778 | D:11     | 10778 ||| INVOKING Heroism.
 10793 | D:11     | Killed a boulder beetle
 10939 | D:11     | Noticed a skeletal warrior
 10940 | D:11     | 10940 ||| INVOKING Heroism.
 10953 | D:11     | Killed a skeletal warrior
 10954 | D:11     | Reached skill level 15 in Ranged Weapons
 10954 | D:11     | Reached XP level 12. HP: 69/77 MP: 13/15
 10970 | D:11     | 10970 ||| INVOKING Heroism.
 10995 | D:11     | HP: 14/77 [skeletal warrior/+3 dire flail of protection
                  | (18)]
 10996 | D:11     | 10996 ||| READING scroll of teleportation.
 10997 | D:11     | 10997 ||| DRINKING potion of heal wounds.
 11200 | D:11     | 11200 ||| INVOKING Heroism.
 11227 | D:11     | 11227 ||| INVOKING Heroism.
 11245 | D:11     | 11245 ||| INVOKING Heroism.
 11251 | D:11     | HP: 19/77 [skeletal warrior/+0 mace (5)]
 11332 | D:11     | 11332 ||| INVOKING Heroism.
 11362 | D:11     | Found a staircase to the Lair.
 11448 | D:11     | 11448 ||| PLANNING LAIR
 11448 | D:11     | 11448 ||| READING 2 scrolls of identify.
 11448 | D:11     | 11448 ||| IDENTIFYING white potion
 11488 | Lair:1   | Entered Level 1 of the Lair of Beasts
 11499 | Lair:1   | 11499 ||| INVOKING Heroism.
 11565 | Lair:1   | 11565 ||| INVOKING Heroism.
 11572 | Lair:1   | 11572 ||| Stepping ~*~*~tactically~*~*~ (outnumbered).
 11588 | Lair:1   | 11588 ||| INVOKING Heroism.
 11730 | Lair:1   | Reached skill level 16 in Ranged Weapons
 11760 | Lair:1   | Noticed a catoblepas
 11761 | Lair:1   | 11761 ||| INVOKING Heroism.
 11774 | Lair:1   | Killed a catoblepas
 11990 | Lair:1   | Found a dark tunnel.
 12261 | Lair:1   | 12261 ||| INVOKING Heroism.
 12447 | Lair:1   | 12447 ||| READING 2 scrolls of identify.
 12447 | Lair:1   | 12447 ||| IDENTIFYING sapphire potion
 12448 | Lair:1   | 12448 ||| DROPPING potion of enlightenment.
 12499 | Lair:2   | Noticed a skyshark
 12515 | Lair:2   | Killed a skyshark
 12567 | Lair:2   | Reached skill level 6 in Invocations
 12576 | Lair:2   | Found a runed translucent door.
 12577 | Lair:2   | Noticed qw's ghost (journeyman MiHu)
 12666 | Lair:2   | Reached ***** piety under Okawaru
 12685 | Lair:2   | 12685 ||| INVOKING Heroism.
 12694 | Lair:2   | Reached skill level 6 in Dodging
 12774 | Lair:2   | Found a hole to the Spider Nest.
 12925 | Lair:2   | 12925 ||| INVOKING Heroism.
 13044 | Lair:2   | Found a transporter.
 13045 | Lair:2   | Found a transporter.
 13045 | Lair:2   | Noticed a boulder beetle
 13045 | Lair:2   | Noticed a boulder beetle
 13175 | Lair:2   | Reached XP level 13. HP: 79/84 MP: 18/18
 13180 | Lair:2   | 13180 ||| READING scroll labelled ANULUIW XUTS.
 13252 | Lair:3   | 13252 ||| INVOKING Heroism.
 13270 | Lair:3   | HP: 19/84 [five-headed hydra (8)]
 13271 | Lair:3   | 13271 ||| READING scroll of teleportation.
 13271 | Lair:3   | HP: 7/84 [five-headed hydra (7)]
 13271 | Lair:3   | Slain by a five-headed hydra

Levels and vault maps discovered:
D:1:      dpeg_arrival_connections, layout_basic, st_stairs_3
D:2:      layout_rooms, dreamdust_ecumenical_altar_hidden_monk_grotto
D:3:      minmay_diamond_boxcup, layout_loops_corners, led_sif_book,
          xom_butterflies, nicolae_wu_jian_wuxing_cycle,
          kennysheep_generic_room_16
D:4:      layout_basic, zin_angel, fiery_altar_vehumet,
          mainiacjoe_overflow_surrounded_room, gammafunk_ghost_smash,
          uniq_grinder, uniq_ijyb
D:5:      minmay_angry_zag, layout_rooms, lemuel_coloured_pillars_altar,
          minmay_temple_entry_glassed_door, gammafunk_ghost_gnarly_gnolls,
          grunt_decor_resistance, grunt_decor_arrowhead
D:6:      layout_rooms, portal_sewer_entry_c
D:7:      layout_basic
D:8:      layout_loops_cross, mainiacjoe_overflow_brackets, serial_aquarium,
          aquarium_bridge_island_small [aquarium_subvault_small_water,
          aquarium_subvault_window, aquarium_subvault_window,
          aquarium_subvault_bridge, aquarium_subvault_bridge],
          aquarium_window_double, aquarium_window_3, aquarium_window_1,
          aquarium_window_1, aquarium_view_2d, aquarium_balcony_5b,
          kennysheep_windowed_goal
D:9:      layout_loops_ring, old_standard_altar, minmay_misc_feat_ornament
D:10:     nzn_winding_woodlands_cross
          [nzn_winding_woodlands_5x15_pathside_ponds,
          nzn_winding_woodlands_5x15_eye,
          nzn_winding_woodlands_5x15_lazy_stream,
          nzn_winding_woodlands_5x15_pool, nzn_winding_woodlands_15x15_eel_pit],
          layout_irregular_city, overflow_temple_1_default, billiards_dpeg,
          uniq_maggie
D:11:     layout_loops_corners, erik_lair_dragon, uniq_erica
Temple:   nicolae_temple_godzebo
Lair:1:   layout_gridlike, lightli_volcano_entry_magma_tube, grunt_megastairs_1
Lair:2:   gammafunk_boulding_lane, layout_gridlike, spider_nest_entry_rubble,
          ebering_ghost_reflecting_pool, lemuel_fruit_fields
Lair:3:   minmay_lair_venomous_thicket, layout_hall_layers,
          minmay_swamp_entry_eels, minmay_lair_oklob_items

Skill      XL: |  1  2  3  4  5  6  7  8  9 10 11 12 |
---------------+-------------------------------------+-----
Armour         | 1 2 3 4 5 |  5.0
Ranged Weapons | 5 6 7 8 9 11 13 15 16 | 16.0
Fighting       | 3 4 6 7 9 10 11 | 11.5
Dodging        | 2 3 4 6 |  6.0
Invocations    | 1 3 4 7 |  7.3
Stealth        | |  1.1

Action                     |  1- 3 |  4- 6 |  7- 9 | 10-12 | 13-15 || total
---------------------------+-------+-------+-------+-------+-------++-------
   Fire: Shortbow          |   118 |   228 |   240 |       |       ||   586
         Orcbow            |       |       |   176 |  1113 |    32 ||  1321
 Invoke: Heroism           |       |       |     6 |    37 |     1 ||    44
    Use: Scroll            |     5 |     5 |     8 |     9 |     2 ||    29
         Potion            |     1 |     1 |       |     3 |       ||     5
 Armour: Leather armour    |     5 |       |       |       |       ||     5
         Ring mail         |    34 |    52 |   144 |   190 |       ||   420
         Troll leather arm |       |       |       |   122 |    27 ||   149
  Dodge: Dodged            |    53 |    70 |   134 |   454 |    66 ||   777
  Block: Other             |       |       |     4 |   140 |    10 ||   154
         Reflection        |       |       |       |     8 |       ||     8

Table legend:
 A = Non-vault XP
 B = Vault XP
 C = Vault XP percentage of total XP
 D = Non-vault monster count
 E = Vault monster count
 F = Vault count percentage of total count
                 A         B        C        D         E       F
            +---------+---------+-------+---------+---------+-------
      Total |   23584 |    9587 |  28.9 |     262 |      68 |  20.6
            +---------+---------+-------+---------+---------+-------
        D:1 |      47 |       3 |   6.0 |      23 |       2 |   8.0
        D:2 |     117 |       0 |   0.0 |      19 |       0 |   0.0
        D:3 |     187 |      89 |  32.2 |      31 |      12 |  27.9
        D:4 |     324 |     336 |  50.9 |      13 |       2 |  13.3
        D:5 |     480 |     166 |  25.7 |      25 |       5 |  16.7
        D:6 |     991 |      23 |   2.3 |      19 |       7 |  26.9
        D:7 |     768 |       0 |   0.0 |      12 |       0 |   0.0
        D:8 |    2265 |     159 |   6.6 |      24 |       3 |  11.1
        D:9 |    1769 |       0 |   0.0 |      26 |       0 |   0.0
       D:10 |    1226 |    4269 |  77.7 |      16 |      18 |  52.9
       D:11 |    6289 |    2156 |  25.5 |      20 |       7 |  25.9
     Lair:1 |    3481 |    2014 |  36.7 |      12 |       8 |  40.0
     Lair:2 |    5020 |     211 |   4.0 |      19 |       1 |   5.0
     Lair:3 |     620 |     161 |  20.6 |       3 |       3 |  50.0
            +---------+---------+-------+---------+---------+-------
